[Event "*** Titled Tuesday Blitz"]
[Site "Chess.com"]
[Date "2020.05.12"]
[Round "1"]
[White "LLRChess"]
[Black "CakeinSpace2002"]
[Result "1-0"]
[WhiteElo "2554"]
[BlackElo "2217"]
[TimeControl "180+1"]
[EndTime "10:07:45 PDT"]
[Termination "LLRChess won by resignation"]

1. Nf3 Nf6 2. g3 g6 3. Bg2 Bg7 4. O-O O-O 5. d4 d6 6. Re1 Bf5 7. Nh4 Bc8 8. e4 e5 9. Nf3 Nc6 10. d5 Ne7 11. c4 Bg4 12. Nc3 h6 13. h3 Bxf3 14. Bxf3 Nd7 15. Be3 f5 16. exf5 gxf5 17. g4 e4 18. Bg2 f4 19. Bd4 f3 20. Bf1 Ng6 21. Bxg7 Kxg7 22. Nxe4 Nde5 23. Ng3 Qg5 24. Qd4 Rf4 25. Re4 Raf8 26. Rae1 Kh7 27. b4 R8f7 28. c5 a6 29. a4 Qh4 30. cxd6 cxd6 31. Nf5 Qg5 32.
Ng3 Qh4 33. a5 Rf8 34. R1e3 R8f7 35. Rxf4 Nxf4 36. Qe4+ Kg7 37. Nh5+ Kh8 38. Nxf4 Nxg4 39. Ng6+ Kg7 40. Nxh4 1-0

[Event "*** Titled Tuesday Blitz"]
[Site "Chess.com"]
[Date "2020.05.12"]
[Round "1"]
[White "LPSupi"]
[Black "BigAl"]
[Result "0-1"]
[WhiteElo "2887"]
[BlackElo "2463"]
[TimeControl "180+1"]
[EndTime "10:07:46 PDT"]
[Termination "BigAl won on time"]

1. c4 Nf6 2. g3 g6 3. Bg2 Bg7 4. d4 O-O 5. Nc3 d6 6. Nf3 Nbd7 7. O-O e5 8. e4 c6 9. h3 Qa5 10. Re1 exd4 11. Nxd4 Ne5 12. Bf1 Qb6 13. Kg2 c5 14.
Nc2 Be6 15. b3 a6 16. Rb1 Qc7 17. Bb2 Rfe8 18. Ne3 Nc6 19. f3 Qd7 20. Kh2 Nh5 21.
Ncd5 Bxb2 22. Rxb2 Bxd5 23. Nxd5 Qd8 24. Rd2 Qg5 25.
Rg2 Rad8 26. f4 Qh6 27. Rf2 Qg7 28. Bg2 Nf6 29. Rd2 Nxd5 30. cxd5 Nd4 31. b4 b6 32. a4 a5 33. bxc5 bxc5 34. Re3 Rb8 35. Qe1 g5 36. Kh1 Kh8 37. Qf2 Rb1+ 38. Kh2 Rg8 39.
e5 Nf5 40. Ree2 gxf4 41. gxf4 Ng3 42. Re3 Nf5 43. Rf3 dxe5 44. fxe5 Qxe5+ 45. Rf4 Rb4 46. Re2 Qxf4+ 0-1

[Event "*** Titled Tuesday Blitz"]
[Site "Chess.com"]
[Date "2020.05.12"]
[Round "1"]
[White "Caterpiller35"]
[Black "moro182"]
[Result "0-1"]
[WhiteElo "2337"]
[BlackElo "2662"]
[TimeControl "180+1"]
[EndTime "10:07:46 PDT"]
[Termination "moro182 won on time"]

1. d4 Nf6 2. Bg5 e6 3. e4 h6 4. Bxf6 Qxf6 5. c3 Nc6 6. Bd3 d6 7. Ne2 e5 8. O-O g5 9. Bb5 a6 10. Ba4 b5 11. Bb3 Bg7 12. Bd5 Bd7 13. dxe5 dxe5 14.
a4 O-O 15. axb5 axb5 16. Na3 Rab8 17. Nc2 Rfd8 18. b4 Ne7 19. Ne3 g4 20. Qb3 c6 21.
Ra6 Bc8 22. Rxc6 Nxc6 23. Ng3 Ne7 24. f3 Be6 25. fxg4 Qg6 26. Nef5 Nxd5 27. exd5 Bxf5 28. Nxf5 Qxg4 29. d6 Rf8 30. Ne7+ Kh8 31. Rxf7 Ra8 32. Rxf8+ Rxf8 33. h3 Qg3 34. Qd1 e4 35. d7 Qf2+ 36. Kh1 Qf1+ 37. Qxf1 Rxf1+ 38. Kh2 Rd1 0-1

[Event "*** Titled Tuesday Blitz"]
[Site "Chess.com"]
[Date "2020.05.12"]
[Round "1"]
[White "mirceaparligras"]
[Black "kasparicy"]
[Result "1-0"]
[WhiteElo "2593"]
[BlackElo "2282"]
[TimeControl "180+1"]
[EndTime "10:07:46 PDT"]
[Termination "mirceaparligras won by resignation"]

1. d4 Nf6 2. c4 g6 3. Nc3 d5 4. cxd5 Nxd5 5. e4 Nxc3 6. bxc3 Bg7 7. Nf3 c5 8. h3 O-O 9. Be3 cxd4 10. cxd4 Qa5+ 11. Bd2 Qa3 12. Be2 b6 13. O-O Bb7 14. d5 Nd7 15. Bg5 Rfe8 16. Bb5 Rad8 17. Rc1 h6 18. Bh4 a6 19. Bc6 Bxc6 20. Rxc6 Qxa2 21. Re1 b5 22. e5 Nb8 23. Rc5 b4 24. d6 Rd7 25.
Bxe7 b3 26. Qb1 Qa3 27. Rec1 b2 28. R1c2 Rb7 29. Rc8 Rxc8 30. Rxc8+ Kh7 31. Nd2 Qa1 32. f4 Nd7 33. Rc7 Rxc7 34. dxc7 Nb6 35. Bc5 Nc8 36. Bd4 Qxb1+ 37. Nxb1 g5 38. g3 gxf4 39. gxf4 Kg6 40. Kf2 Kf5 41. Kf3 Ke6 42. Bxb2 Ke7 43. f5 f6 44. Ke4 fxe5 45. Bxe5 Bxe5 46. Kxe5 Kd7 47. f6 a5 48. Nc3 h5 49. h4 Nb6 50. Nd5 Nc8 51. f7 1-0

[Event "*** Titled Tuesday Blitz"]
[Site "Chess.com"]
[Date "2020.05.12"]
[Round "1"]
[White "jaskol95"]
[Black "Shubinkirill2003"]
[Result "0-1"]
[WhiteElo "2259"]
[BlackElo "2582"]
[TimeControl "180+1"]
[EndTime "10:07:46 PDT"]
[Termination "Shubinkirill2003 won by resignation"]

1. d4 e6 2. Bf4 Nf6 3. e3 b6 4. Nf3 Bb7 5. Nbd2 d6 6. c3 Nbd7 7. Bd3 h6 8. Qe2 g5 9. Bg3 Rg8 10. O-O-O h5 11. h3 g4 12. hxg4 hxg4 13. Nh4 Be7 14.
e4 Nh5 15. Kb1 Nxg3 16. fxg3 Bf6 17. Rdf1 Qe7 18. Ba6 O-O-O 19. Bxb7+ Kxb7 20. Qf2 Rh8 21. Nc4 Rdf8 22. Ne3 Rhg8 23. Re1 Rg7 24. Rhf1 Rh8 25. Nhf5 exf5 26. Nxf5 Qf8 27. Nxg7 Qxg7 28. Qf5 Rd8 29. Rf4 Qg6 30. Qxg6 fxg6 31. Ref1 Be7 32. Rxg4 g5 33. Rf7 Re8 34. e5 dxe5 35. Re4 Kc6 36. dxe5 Kd5 37. Rd4+ Ke6 38. Rf1 Nxe5 39. Re1 Bd6 40.
Kc2 Rf8 41. Rd2 g4 42. b3 Rf5 43. c4 Kd7 44. Re4 Ke6 45. Rd5 Rf2+ 46. Kc3 Rxg2 47. Rd3 Kf5 48. Rde3 Rxg3 49. Rxg3 Kxe4 50. Kb2 Kf4 51. Rg1 g3 52. Kc3 Kf3 0-1

[Event "*** Titled Tuesday Blitz"]
[Site "Chess.com"]
[Date "2020.05.12"]
[Round "1"]
[White "Benjoneliere44"]
[Black "Nayemhaque22"]
[Result "0-1"]
[WhiteElo "2561"]
[BlackElo "2263"]
[TimeControl "180+1"]
[EndTime "10:07:46 PDT"]
[Termination "Nayemhaque22 won by resignation"]

1. d4 Nf6 2. Bf4 e6 3. Nf3 d5 4. e3 Bd6 5. Bxd6 Qxd6 6. c3 Nbd7 7. Nbd2 c5 8. Bd3 O-O 9. O-O e5 10. dxe5 Nxe5 11. Nxe5 Qxe5 12. Qf3 Bg4 13. Qg3 Qxg3 14. hxg3 Rad8 15. f3 Be6 16. g4 d4 17. cxd4 cxd4 18. e4 Rc8 19. Rfc1 h6 20. a3 Rfd8 21. Kf2 Nd7 22. Ke2 Ne5 23. Rab1 Ba2 24. Ra1 Be6 25. Rxc8 Rxc8 26. Rd1 Kf8 27. Bb1 Ke7 28. Nf1 d3+ 29. Kf2 Rd8 30. Nd2 b5 31. Ke3 Nc4+ 32. Nxc4 bxc4 33.
Kd2 Rb8 34. Kc1 Kd6 35. Ba2 Kc5 36. Rd2 Kd4 37. Bb1 g5 38. Kd1 f6 39. Kc1 Bd7 40.
Rd1 Ba4 41. Rh1 Ke3 42. Re1+ Kf2 43. Rh1 Ke2 44. b3 d2+ 45. Kb2 Rxb3+ 46. Ka2 d1=Q 47. Rxd1 Kxd1 0-1

[Event "*** Titled Tuesday Blitz"]
[Site "Chess.com"]
[Date "2020.05.12"]
[Round "1"]
[White "SergeiAza"]
[Black "TrenerChos"]
[Result "1-0"]
[WhiteElo "2764"]
[BlackElo "2402"]
[TimeControl "180+1"]
[EndTime "10:07:49 PDT"]
[Termination "SergeiAza won on time"]

1. e4 d5 2. exd5 Nf6 3. d4 Qxd5 4. Nc3 Qa5 5. Nf3 c6 6. Bc4 Bf5 7. Bd2 Qc7 8. Nh4 Bg4 9. f3 Bc8 10. Qe2 e6 11. O-O-O Be7 12. Rhe1 O-O 13. Nf5 Bb4 14. Ng3 Nd5 15. Nce4 Bxd2+ 16. Rxd2 b5 17. Bd3 Nb4 18. Kb1 Qa5 19. a3 Nxd3 20. Rxd3 Nd7 21. c3 Nb6 22. f4 Nd5 23. Nh5 Qc7 24. Rg3 g6 25. Nhf6+ Kg7 26. Nxd5 exd5 27. Nc5 Bf5+ 28. Ka2 Rae8 29.
Re3 Rxe3 30. Qxe3 a5 31. g3 b4 32. cxb4 axb4 33. a4 Qa5 34. b3 f6 35. Kb2 Rf7 36. Qe8 Qa7 37. Qd8 Be4 38. Qd6 Qb6 39. Nxe4 dxe4 40. Rxe4 h5 41. Re7 Qa6 42. Rxf7+ Kxf7 43. Qxb4 Qe2+ 44. Ka3 Qxh2 45. Qc4+ Kg7 46. a5 1-0

[Event "*** Titled Tuesday Blitz"]
[Site "Chess.com"]
[Date "2020.05.12"]
[Round "1"]
[White "marianokar"]
[Black "Buffy7"]
[Result "0-1"]
[WhiteElo "2373"]
[BlackElo "2708"]
[TimeControl "180+1"]
[EndTime "10:07:49 PDT"]
[Termination "Buffy7 won on time"]

1. e4 c5 2. Nf3 d6 3. Bb5+ Nd7 4. Ba4 Nf6 5. O-O e6 6. c4 Be7 7. Nc3 O-O 8. a3 Nb6 9. d3 Nxa4 10. Qxa4 b6 11.
b4 Bb7 12. Rb1 Nd7 13. Be3 Bf6 14. Qc2 Qe7 15. Rfd1 Rac8 16. Qd2 h6 17. Bf4 Rfd8 18. Nb5 e5 19. Be3 Ra8 20. Nc3 Nf8 21. Nd5 Bxd5 22. cxd5 Rdc8 23. bxc5 dxc5 24. Rdc1 Qd7 25. Qc2 Ng6 26.
a4 Be7 27. Qb2 Bd6 28. Qb5 Qd8 29. a5 Rab8 30. axb6 axb6 31. Nd2 Nf4 32. Bxf4 exf4 33. Nc4 f3 34. g3 Kh7 35. Ra1 Rb7 36. Ra6 Bf8 37.
Rca1 Qg5 38. h3 f5 39. exf5 Qxf5 40. Ne3 Qxh3 41. Ra8 Re7 42. Qc4 Rxe3 0-1

[Event "*** Titled Tuesday Blitz"]
[Site "Chess.com"]
[Date "2020.05.12"]
[Round "1"]
[White "sganerdene"]
[Black "Hippotaner"]
[Result "0-1"]
[WhiteElo "2629"]
[BlackElo "2339"]
[TimeControl "180+1"]
[EndTime "10:07:49 PDT"]
[Termination "Hippotaner won by resignation"]

1. e4 e5 2. Nf3 Nc6 3. Bc4 Bc5 4.
c3 Nf6 5. d3 O-O 6. O-O d6 7.
a4 a6 8. Nbd2 h6 9. h3 Re8 10.
Re1 Be6 11. Bxe6 Rxe6 12. Nf1 d5 13. Qe2 Bf8 14. Ng3 g6 15. Bd2 Bg7 16. Rad1 d4 17.
c4 a5 18. b3 Nd7 19. Rb1 Nc5 20. Nh2 Ra6 21. Rb2 Rb6 22. Reb1 Nb4 23. Bxb4 Rxb4 24. Nf3 Reb6 25. Ne1 Rxb3 26. Rxb3 Nxb3 27. Nc2 Qd6 28. Nf1 Nc5 29. Rb5 Rxb5 30. axb5 b6 31. g3 Na4 32.
Qd2 Nc3 33. Kg2 a4 34. f4 a3 35. Qc1 a2 36. Kf3 Qf8 37. g4 Qa8 38. f5 g5 39. Ng3 Qa4 40. Na1 Bf8 41. f6 Ba3 42.
Qd2 Qd1+ 43. Qxd1 Nxd1 44. Ke2 Nc3+ 45. Kd2 Bb2 46. Nb3 a1=Q 47. Nxa1 Bxa1 48. Kc2 Na4 49. Nf5 Kh7 50. Ne7 Nc5 51. Nd5 Ne6 52. Kd2 Kg6 53.
Ke2 Bc3 54. Kf3 Bb4 55. Nxb4 Nf4 56. Nd5 Nxd5 57. exd5 Kxf6 58. Ke4 Ke7 59. Kxe5 f6+ 60. Ke4 Kf7 61. d6 cxd6 62. Kxd4 h5 63. Ke4 hxg4 64.
hxg4 Ke6 65. d4 d5+ 66. cxd5+ Kd6 67. Kf5 Kxd5 68. Kxf6 Kxd4 69. Kxg5 Kc5 70. Kf6 Kxb5 71. g5 Ka4 72. g6 b5 73. g7 b4 74. g8=Q b3 75. Qa8+ Kb4 76. Qb7+ Kc3 77. Qf3+ Kc2 78. Ke5 b2 79. Qe2+ Kc3 80. Qc4+ Kxc4 0-1

[Event "*** Titled Tuesday Blitz"]
[Site "Chess.com"]
[Date "2020.05.12"]
[Round "1"]
[White "floplover"]
[Black "Azatic"]
[Result "0-1"]
[WhiteElo "2247"]
[BlackElo "2578"]
[TimeControl "180+1"]
[EndTime "10:07:49 PDT"]
[Termination "Azatic won by checkmate"]

1. d4 Nf6 2. c4 g6 3. Nc3 Bg7 4. e4 O-O 5. Nf3 d6 6. Be2 e5 7. O-O Na6 8. Re1 c6 9. Be3 Qe7 10. dxe5 dxe5 11. Nd2 Be6 12. a3 h5 13. b4 Ng4 14.
Bxg4 hxg4 15. c5 Rad8 16. Qe2 Bf6 17. Nc4 Kg7 18. Nd6 Rh8 19. f3 Bh4 20. Rf1 g3 21. h3 Bg5 22. f4 exf4 23. Bxf4 Rh4 24. Bxg3 Rh5 25. Be5+ f6 26. Bf4 Rdh8 27. Rae1 Bxh3 28. gxh3 Rxh3 29. Qg2 Bxf4 30. Rxf4 Rh1+ 31. Kf2 Qe5 32. Rxh1 Qxf4+ 33. Ke2 Rxh1 34. Qxh1 Qg4+ 35. Qf3 Qh4 36.
Nd1 Nc7 37. Ne3 Ne6 38. Qg4 Qh2+ 39. Kd3 Qe5 40. Nef5+ Kf8 41. Qxg6 Qd4+ 42. Ke2 Qb2+ 43. Kf3 Ng5+ 44. Kg3 Qc3+ 45. Kf4 Qf3# 0-1

[Event "*** Titled Tuesday Blitz"]
[Site "Chess.com"]
[Date "2020.05.12"]
[Round "1"]
[White "bmt011"]
[Black "louis198"]
[Result "0-1"]
[WhiteElo "2049"]
[BlackElo "2493"]
[TimeControl "180+1"]
[EndTime "10:07:49 PDT"]
[Termination "louis198 won on time"]

1. d4 e6 2. Bf4 d5 3. Nf3 Bd6 4. Bg3 Ne7 5. e3 O-O 6. Bd3 c5 7. c3 Nbc6 8. Nbd2 a6 9. Qb1 h6 10. Ne5 Bxe5 11. dxe5 b5 12. a4 c4 13. axb5 Na7 14. Bc2 Nxb5 15. O-O Rb8 16. Qd1 Qb6 17. Qh5 Nc7 18. Ra2 Nf5 19. e4 dxe4 20. Nxe4 Nd5 21. Nd6 Nde7 22. Nxc4 Qc6 23. Ne3 Nxe3 24. fxe3 Bb7 25.
Rf2 Qc5 26. Bf4 Nf5 27. Bxf5 exf5 28. Qxf5 Bc8 29. Qe4 Be6 30. Ra4 Bd5 31. Qd4 Qc6 32.
e4 Be6 33. c4 Rbd8 34. Qc3 Qxa4 35. c5 Rd1+ 36. Rf1 Rxf1+ 37. Kxf1 Qxe4 38. Qg3 Bc4+ 39. Kg1 Qb1+ 40. Kf2 Qf1+ 41. Ke3 Qe2+ 42. Kd4 Rd8+ 43. Kc3 Rd3+ 44. Kb4 Rxg3 45. hxg3 Bb5 0-1

[Event "*** Titled Tuesday Blitz"]
[Site "Chess.com"]
[Date "2020.05.12"]
[Round "1"]
[White "Kotofeyca"]
[Black "Dedic8"]
[Result "0-1"]
[WhiteElo "2410"]
[BlackElo "2777"]
[TimeControl "180+1"]
[EndTime "10:07:50 PDT"]
[Termination "Dedic8 won by resignation"]

1. d4 Nf6 2. c4 e6 3. Nf3 d5 4.
Nc3 Be7 5. cxd5 exd5 6. Bg5 O-O 7. e3 Nbd7 8. Bd3 Re8 9. O-O c6 10. Qc2 Ne4 11. Bxe4 dxe4 12. Nxe4 h6 13. Bxe7 Qxe7 14.
Nc5 Nf6 15. b4 Nd5 16. a3 b6 17. Nb3 Ba6 18. Rfc1 Rac8 19. Ne5 Qd6 20. Qf5 f6 21.
Ng6 Rc7 22. g3 Bc8 23. Qf3 Be6 24. Nd2 Qd7 25. Nf4 Bg4 26. Qg2 Nxf4 27. gxf4 Kh8 28.
Rc3 g5 29. fxg5 fxg5 30. Rac1 Bh3 31. Qf3 Rec8 32. Ne4 Bf5 33. Ng3 Bg6 34. Qf6+ Kh7 35. b5 cxb5 36. Rxc7 Rxc7 37. Rxc7 Qxc7 38. e4 a5 39. d5 b4 40. axb4 axb4 41. d6 Qd7 42.
e5 b3 43. Ne2 b2 44. Nc3 b5 45. Qe7+ Qxe7 46. dxe7 b4 47. Nb1 Kg7 48. Nd2 Kf7 49. Kf1 b1=Q+ 50. Ke2 Qd3+ 0-1

[Event "*** Titled Tuesday Blitz"]
[Site "Chess.com"]
[Date "2020.05.12"]
[Round "1"]
[White "LazovT"]
[Black "czasnaszachy"]
[Result "1-0"]
[WhiteElo "2681"]
[BlackElo "2353"]
[TimeControl "180+1"]
[EndTime "10:07:50 PDT"]
[Termination "LazovT won on time"]

1. Nf3 Nf6 2. g3 d5 3. Bg2 c5 4. O-O Nc6 5. d3 e5 6. Nbd2 Bd6 7. e4 d4 8. Nc4 Bc7 9. a4 O-O 10. Nh4 b6 11. Nf5 Rb8 12. f4 a6 13. Qf3 b5 14.
axb5 axb5 15. fxe5 Nxe5 16. Nxe5 Bxe5 17. Bg5 Bxf5 18.
Qxf5 Qc7 19. Bf4 Bxf4 20. Rxf4 Rfe8 21. h4 Re5 22. Qh3 c4 23. Raf1 cxd3 24. cxd3 Qc2 25. g4 Re7 26. g5 Nd7 27. R4f2 Qb3 28. Qg3 Ne5 29. Bh3 Qxd3 30. Qxd3 Nxd3 31. Rd2 Ne5 32.
Rxd4 g6 33. Kg2 Nc4 34. Rf2 Rbe8 35. b3 Ne5 36. Rd5 b4 37. Rc2 Kg7 38. Rcc5 Nd7 39.
Bxd7 Rd8 40. Rc7 Rxe4 41. Bc6 Re2+ 42. Kf3 Rxd5 43. Bxd5 Rc2 44. Rxf7+ Kg8 45. Re7+ Kf8 46. Rxh7 Rc3+ 47. Ke4 1-0

[Event "*** Titled Tuesday Blitz"]
[Site "Chess.com"]
[Date "2020.05.12"]
[Round "1"]
[White "ChronicUnhappiness"]
[Black "stanyga"]
[Result "0-1"]
[WhiteElo "2331"]
[BlackElo "2654"]
[TimeControl "180+1"]
[EndTime "10:07:50 PDT"]
[Termination "stanyga won by resignation"]

1. c4 Nf6 2. Nf3 b6 3. Nc3 Bb7 4. g3 e5 5. Bg2 d6 6. O-O Nbd7 7. d4 Qc8 8. d5 g6 9. e4 Bg7 10. Ne1 O-O 11. Be3 Re8 12. b4 c6 13. Rc1 c5 14.
a3 cxb4 15. axb4 a5 16. Nb5 Qb8 17. Nd3 Rc8 18. Bh3 h6 19. f3 Ba6 20. Qb3 Kh7 21.
Rc2 h5 22. Rb1 Bh6 23. Bf2 Bxb5 24. cxb5 a4 25. Qa2 Rxc2 26. Qxc2 Qc8 27. Qc6 a3 28.
Ra1 Bd2 29. Qxc8 Rxc8 30. Rxa3 Rc3 31. Rxc3 Bxc3 32. Kf1 Kg7 33. Ke2 Kf8 34. Kd1 Ke7 35. Kc2 Ba1 36. Kb1 Bc3 37. Kc2 Ba1 38. Be1 Bd4 39. Bf2 Bxf2 40. Nxf2 Kd8 41. Bxd7 Kxd7 42. Nd3 Kc7 43. Kb3 Kd7 44. Kc4 Kc7 45. h3 Kd7 46. f4 exf4 47. e5 fxg3 48. Ne1 dxe5 49. Ng2 Kd6 50. Ne3 Ne4 51. Kd3 f5 52. h4 Nf6 53. Nc4+ Kxd5 54. Nxb6+ Ke6 55. Nc4 g2 0-1

[Event "*** Titled Tuesday Blitz"]
[Site "Chess.com"]
[Date "2020.05.12"]
[Round "1"]
[White "KrolPawel92OnTwitch"]
[Black "Xeniya2005"]
[Result "1-0"]
[WhiteElo "2579"]
[BlackElo "2247"]
[TimeControl "180+1"]
[EndTime "10:07:50 PDT"]
[Termination "KrolPawel92OnTwitch won by checkmate"]

1. e4 c5 2. Nf3 Nc6 3. d4 cxd4 4.
Nxd4 Nf6 5. Nc3 e6 6. Be2 Bb4 7. O-O O-O 8. Nxc6 bxc6 9. e5 Nd5 10. Ne4 f5 11. exf6 Nxf6 12. Nd6 Qe7 13. Nxc8 Raxc8 14. c4 d5 15. a3 Bd6 16. Be3 Rfd8 17. Qc2 c5 18.
cxd5 exd5 19. h3 d4 20. Bc4+ Kh8 21. Bg5 Qe5 22. f4 Qe3+ 23. Kh1 Ne4 24. Rf3 Ng3+ 25. Kh2 Qe4 26. Qf2 Nf5 27. Bd3 Qd5 28. Bxf5 Qxf5 29. Bxd8 Rxd8 30. Re1 Rf8 31. g3 Qd5 32. Qe2 c4 33. Qe4 Qc5 34. h4 Rd8 35. b4 Qb6 36. f5 Bf8 37. f6 gxf6 38. Qf5 d3 39. Re6 Qd4 40. Rxf6 Bg7 41. Re6 d2 42. Qf7 d1=Q 43. Re8+ Rxe8 44. Qxe8+ Bf8 45. Qxf8# 1-0

[Event "*** Titled Tuesday Blitz"]
[Site "Chess.com"]
[Date "2020.05.12"]
[Round "1"]
[White "Hanging_pointer"]
[Black "Chuchofrio1"]
[Result "1-0"]
[WhiteElo "2575"]
[BlackElo "2242"]
[TimeControl "180+1"]
[EndTime "10:07:51 PDT"]
[Termination "Hanging_pointer won by resignation"]

1. d4 f5 2. e4 fxe4 3. Nc3 e3 4. Bxe3 d6 5. Bc4 Nf6 6. Nf3 e6 7. Qd2 Be7 8. O-O-O O-O 9. Ng5 d5 10. Bd3 h6 11.
Nh3 Ng4 12. Qe2 Nxe3 13. fxe3 c5 14. Rhf1 c4 15. Bg6 Bd7 16. Rxf8+ Qxf8 17. Rf1 Bf6 18.
e4 dxe4 19. Nxe4 Nc6 20. Nxf6+ gxf6 21. Nf4 Nxd4 22. Qd2 Qd6 23. Nh5 Nf5 24. Qxd6 Nxd6 25. Nxf6+ Kg7 26. Nxd7 Kxg6 27. Rf6+ Kg5 28. Rxe6 Nf5 29.
Ne5 Rf8 30. Nxc4 Nd4 31. Re5+ Kg6 32. Re4 Rf1+ 33. Kd2 Rf2+ 34. Ke3 Rxc2 35. Kxd4 Rxg2 36. h4 b5 37. Ne5+ Kf5 38. Nd3 Rd2 39. Re5+ Kf6 40. Rxb5 Rh2 41. h5 Rh4+ 42. Kc3 Ke6 43. Ra5 Kd6 44.
Ra6+ Kd5 45. Rxh6 Ke4 46. Re6+ Kd5 47. Re5+ Kd6 48. Rg5 Rh3 49. Rg6+ Kd5 50. h6 a5 51. a3 Rf3 52. b4 axb4+ 53. axb4 Ke4 54. Rg4+ Kd5 55. Rh4 Rf8 56. h7 Rh8 57. Nf4+ Kc6 58. Ng6 Rxh7 59. Rxh7 1-0

[Event "*** Titled Tuesday Blitz"]
[Site "Chess.com"]
[Date "2020.05.12"]
[Round "1"]
[White "AwesomeMango"]
[Black "sandropozo"]
[Result "0-1"]
[WhiteElo "2222"]
[BlackElo "2557"]
[TimeControl "180+1"]
[EndTime "10:07:51 PDT"]
[Termination "sandropozo won by resignation"]

1. e4 e6 2. d4 d5 3. Nc3 Bb4 4. e5 c5 5. Bd2 Ne7 6. Nb5 Bxd2+ 7. Qxd2 O-O 8. f4 Nbc6 9. Nf3 a6 10. Nd6 cxd4 11.
Bd3 f5 12. O-O-O Bd7 13. g4 fxg4 14. Ng5 Nf5 15. h3 g3 16. Bxf5 exf5 17. Qg2 Ne7 18. Qxg3 h6 19. Nf3 Nc8 20. Nxc8 Rxc8 21. Nxd4 Qe7 22.
Rhg1 Kh8 23. Qg6 Be8 24. Qe6 Qxe6 25. Nxe6 Rf7 26. Rxd5 Re7 27. Nd4 g6 28. Rd6 Kh7 29.
Nf3 Bf7 30. Rgd1 Rcc7 31. Nh4 Re6 32. Rxe6 Bxe6 33. Rd6 Re7 34. b3 g5 35. fxg5 hxg5 36. Nf3 Kg6 37. Nd4 Kf7 38. c4 f4 39. Kd2 Bxh3 40. Nf3 g4 41. Ng5+ Kg7 42. Nxh3 gxh3 43.
Rd3 Rxe5 44. Rxh3 Kf6 45. Rf3 Kf5 46. Kd3 Re7 47. a4 Rd7+ 48. Ke2 Ke4 49. Rf1 Rh7 50.
Rf2 Rh3 51. b4 Rb3 52. b5 axb5 53. cxb5 f3+ 54. Kd2 Rb2+ 55. Ke1 Rb1+ 56. Kd2 Rb4 57. Rh2 Rb2+ 0-1

[Event "*** Titled Tuesday Blitz"]
[Site "Chess.com"]
[Date "2020.05.12"]
[Round "1"]
[White "maurito96"]
[Black "SCIM"]
[Result "0-1"]
[WhiteElo "2191"]
[BlackElo "2535"]
[TimeControl "180+1"]
[EndTime "10:07:51 PDT"]
[Termination "SCIM won on time"]

1. c4 Nf6 2. Nc3 d5 3. cxd5 Nxd5 4. g3 c5 5. Bg2 Nc7 6. d3 e5 7. Nf3 Nc6 8. O-O Be7 9. Be3 O-O 10. Nd2 Bd7 11.
a4 Rc8 12. Nc4 f6 13. f4 exf4 14. gxf4 Kh8 15. f5 b6 16. Qe1 Nb4 17. Rc1 Bc6 18. Qg3 Bxg2 19. Qxg2 Ncd5 20. Bd2 Nxc3 21. bxc3 Nc6 22. Rf3 Ne5 23. Nxe5 fxe5 24. Rcf1 Bf6 25.
Qg4 e4 26. Rh3 Qd5 27. Qg6 Qg8 28. dxe4 Rcd8 29. Bf4 Rfe8 30. e5 Bxe5 31. Bxe5 Rxe5 32. f6 Re6 33. fxg7+ Qxg7 34. Qxg7+ Kxg7 35. Rg3+ Rg6 36. Kg2 Rd2 37. Kf2 Ra2 38. Rd1 Rxa4 39. Rd7+ Kh6 40. Rh3+ Kg5 41. Rhxh7 Rf4+ 42. Ke1 a5 43. Ra7 Kf5 44. Rhf7+ Kg4 45. Rxf4+ Kxf4 0-1

[Event "*** Titled Tuesday Blitz"]
[Site "Chess.com"]
[Date "2020.05.12"]
[Round "1"]
[White "Witaliss"]
[Black "Vaathi_Coming"]
[Result "0-1"]
[WhiteElo "2437"]
[BlackElo "2852"]
[TimeControl "180+1"]
[EndTime "10:07:52 PDT"]
[Termination "Vaathi_Coming won by resignation"]

1. d4 Nf6 2. c4 e6 3. Nf3 d5 4. cxd5 exd5 5. Nc3 c6 6. Bg5 Be7 7. Qc2 Nbd7 8. e3 Nh5 9. Bxe7 Qxe7 10. O-O-O Nb6 11.
Bd3 g6 12. Ne5 Be6 13. Kb1 O-O-O 14. Rc1 Kb8 15. Na4 Nxa4 16. Qxa4 f6 17. Nf3 Ng7 18. Nd2 Bf5 19. Rc3 Qd7 20. Ka1 Rhe8 21. Rhc1 Re7 22. Bxf5 Nxf5 23. Ra3 a6 24. Nb3 Nd6 25. Nc5 Qc8 26.
Qb4 Ka7 27. Rb3 Qc7 28. a4 a5 29. Qc3 b6 30. Nd3 Nc4 31. Qc2 Rc8 32. Rc3 Kb7 33. b3 Nd6 34. Qb2 Qd8 35. Nf4 g5 36. Nd3 Rec7 37.
R3c2 h5 38. h3 Qe7 39. Qc3 Ne4 40. Qb2 h4 41. Ka2 Nd6 42. Qc3 Qe4 43. Ne1 c5 44.
Qd3 Qxd3 45. Nxd3 cxd4 46. Rxc7+ Rxc7 47. Rxc7+ Kxc7 48. exd4 Nf5 49. b4 Nxd4 50. bxa5 bxa5 51. Kb2 Kd6 52. Kc3 Ne2+ 53. Kd2 Nf4 54. Nxf4 gxf4 55.
Ke2 d4 56. Kf3 d3 0-1

[Event "*** Titled Tuesday Blitz"]
[Site "Chess.com"]
[Date "2020.05.12"]
[Round "1"]
[White "Kate1606"]
[Black "GM_LOADING"]
[Result "0-1"]
[WhiteElo "2062"]
[BlackElo "2493"]
[TimeControl "180+1"]
[EndTime "10:07:52 PDT"]
[Termination "GM_LOADING won by checkmate"]

1. e4 e6 2. d4 d5 3. Nc3 Nf6 4. Bg5 dxe4 5. Nxe4 Be7 6. Bxf6 Bxf6 7. Nf3 Nd7 8. Qd2 O-O 9. O-O-O Be7 10. Kb1 Nf6 11. Nc3 b6 12. h4 Bb7 13. Rg1 Bb4 14. a3 Ne4 15. Qe3 Nxc3+ 16. bxc3 Bxa3 17. c4 Qe7 18. Ng5 Qb4+ 19. Qb3 Qxb3+ 20. cxb3 h6 21. Nf3 Rad8 22. Be2 Be7 23. g3 Bf6 24. Ne5 c5 25. f4 cxd4 26.
Rd2 Bxe5 27. fxe5 f6 28. exf6 Rxf6 29. Bg4 e5 30. Rgd1 d3 31. Kb2 e4 32. Kc3 Rg6 33. Bh5 Rxg3 34. b4 Rc8 35. Rf1 Bd5 36. c5 bxc5 37.
bxc5 Kh7 38. Kd4 Bc6 39. Rf7 Rd8+ 40. Kc3 Bb5 41. Rxa7 e3 42. Rd1 e2 43. Bxe2 dxe2+ 44.
Kc2 exd1=Q+ 45. Kb2 Rd2# 0-1

[Event "*** Titled Tuesday Blitz"]
[Site "Chess.com"]
[Date "2020.05.12"]
[Round "1"]
[White "bascheyaro"]
[Black "Hadza_3"]
[Result "1-0"]
[WhiteElo "2703"]
[BlackElo "2363"]
[TimeControl "180+1"]
[EndTime "10:07:53 PDT"]
[Termination "bascheyaro won on time"]

1. d4 Nf6 2. Nf3 g6 3. Bf4 Bg7 4. e3 d6 5. c4 O-O 6. Nc3 b6 7. Be2 Bb7 8. O-O Nbd7 9. Qc2 c5 10. Rad1 cxd4 11. exd4 Rc8 12. Qb1 Nh5 13. Be3 e5 14.
dxe5 dxe5 15. Nd5 Qe8 16. Ng5 Nhf6 17. Ne4 Nxd5 18. cxd5 Qe7 19. b3 Rfd8 20. d6 Qh4 21. Ng5 h6 22. Nf3 Qf6 23. b4 Nf8 24. h4 Rxd6 25.
Rxd6 Qxd6 26. Rd1 Qc7 27. h5 Qc2 28. hxg6 Qxb1 29. gxf7+ Kxf7 30. Rxb1 Bd5 31. a4 Ne6 32. a5 Rc6 33. axb6 axb6 34. b5 Rd6 35. Rd1 Ke7 36.
Ne1 Bb3 37. Rb1 Bd5 38. g3 Nd4 39. Bf1 Nf3+ 40. Nxf3 Bxf3 41. Rc1 Kf6 42. Kh2 Bf8 43. Rc7 e4 44. Rb7 Kg6 45. Rxb6 Kf6 46. Ra6 h5 47. Bh3 Ke5 48. Bf4+ 1-0

[Event "*** Titled Tuesday Blitz"]
[Site "Chess.com"]
[Date "2020.05.12"]
[Round "1"]
[White "Yuri202062"]
[Black "Morshynska"]
[Result "0-1"]
[WhiteElo "2485"]
[BlackElo "2167"]
[TimeControl "180+1"]
[EndTime "10:07:53 PDT"]
[Termination "Morshynska won on time"]

1. d4 d5 2. c4 c6 3. Nc3 Nf6 4. e3 e6 5. Nf3 Nbd7 6. Bd3 dxc4 7. Bxc4 b5 8. Bd3 Bb7 9. a4 a6 10. O-O Bd6 11. e4 e5 12. Ne2 O-O 13. Ng3 Re8 14. Nf5 Bf8 15. dxe5 Nxe5 16. Nxe5 Rxe5 17. Bf4 Re6 18. Qc2 c5 19. Rad1 Qb6 20. e5 Nd5 21. Bg3 Nb4 22. Qe2 Nxd3 23. Qxd3 c4 24. Qd2 bxa4 25. Nd6 Qc6 26. f3 a5 27. Kh1 Ba6 28. Rfe1 Rb8 29. Qc3 Qc5 30. Ne4 Qc6 31. Ng5 Rg6 32. e6 fxe6 33. Bxb8 Rxg5 34. Bg3 Rd5 35. Qe3 Rxd1 36. Rxd1 a3 37. bxa3 c3 38. Rc1 c2 39.
Qd2 Bxa3 40. Rxc2 Qd5 41. Qxd5 exd5 42. Bf2 Bc4 43. Kg1 Bb4 0-1

[Event "*** Titled Tuesday Blitz"]
[Site "Chess.com"]
[Date "2020.05.12"]
[Round "1"]
[White "Future2700"]
[Black "DrVelja"]
[Result "1-0"]
[WhiteElo "2412"]
[BlackElo "2734"]
[TimeControl "180+1"]
[EndTime "10:07:54 PDT"]
[Termination "Future2700 won by resignation"]

1. e4 c5 2. Nf3 d6 3. d4 cxd4 4. Nxd4 Nf6 5. Nc3 a6 6. g3 e6 7. Bg2 Be7 8. O-O O-O 9. Re1 Qc7 10. a4 Bd7 11. a5 Nc6 12. Nxc6 Bxc6 13. Be3 Rac8 14. Bb6 Qb8 15. Nd5 Bxd5 16. exd5 e5 17. Qd3 Bd8 18. Bxd8 Rfxd8 19. c4 b6 20. Reb1 bxa5 21.
Rxa5 Qb4 22. Rxa6 Rxc4 23. Rb6 Qxb6 24. Qxc4 Re8 25. Be4 Qb8 26. b4 Rc8 27. Qd3 h5 28. b5 Qb6 29. Bf5 Rc5 30. Ra1 Qb7 31. b6 g6 32. Bxg6 Rxd5 33. Qf5 Kg7 34. Bxh5 Nxh5 35. Qg5+ Kf8 36. Qxh5 Qxb6 37. Qh8+ Ke7 38. Qh4+ Ke6 39. Qg4+ Ke7 40. Qh4+ Kd7 41. Qg4+ Kc6 42. Qc8+ Qc7 43. Ra6+ Kb5 44. Qxc7 Kb4 45. Rb6+ 1-0